 Dungeon Sprint DCSS version 0.18.1-48-g4cf74bf (webtiles) character file.

3191 Deeps the Protected (level 9, -7/94 HPs)
             Began as a Deep Dwarf Fighter on Aug 18, 2016.
             Was the Champion of Makhleb.
             Killed from afar by Arachne (40 damage)
             ... with a poison arrow
             ... in the Dungeon (Sprint VII: "The Pits").
             The game lasted 00:05:43 (920 turns).

Deeps the Protected (Deep Dwarf Fighter)             Turns: 920, Time: 00:05:44

Health: -7/94      AC: 20    Str: 22    XL:     9   Next: 64%
Magic:  9/9        EV:  7    Int: 10    God:    Makhleb [******]
Gold:   0          SH: 13    Dex: 12    Spells: 0 memorised, 8 levels left

rFire  . . .     SeeInvis .     w - +1 broad axe (freeze)
rCold  . . .     Gourm    .     y - +3 plate armour
rNeg   . . .     Faith    .     c - +0 shield
rPois  .         Spirit   .     (no helmet)
rElec  .         Dismiss  .     (no cloak)
rCorr  .         Reflect  .     x - +0 pair of gloves
SustAt .         Harm     .     (no boots)
MR     +....     NoTele   +     (no amulet)
Stlth  ..........               (no ring)
                                (no ring)

@: lethally poisoned (-7 -> -42), exhausted, very slightly contaminated,
non-regenerating, hasted and slowed, somewhat resistant to hostile enchantments,
extremely unstealthy
A: damage resistance, recharge devices, sense surroundings 2, slow regeneration
3
a: Device Recharging, Minor Destruction, Lesser Servant of Makhleb, Major
Destruction, Greater Servant of Makhleb, Renounce Religion


You were in the Dungeon.
You worshipped Makhleb.
Makhleb was exalted by your worship.
You were very hungry.

You visited 1 branch

Inventory:

Hand Weapons
 a - a +0 war axe
 w - a +1 broad axe of freezing (weapon)
Armour
 b - a +0 scale mail
 c - a +0 shield (worn)
 d - a +2 plate armour
 x - a +0 pair of gloves (worn)
 y - a +3 plate armour (worn)
Jewellery
 i - a +3 ring of intelligence
 t - a +3 ring of evasion
Wands
 e - a wand of heal wounds (4/9)
Scrolls
 l - a scroll of blinking
 p - 3 scrolls of remove curse
 q - 5 scrolls of amnesia
 r - a scroll of summoning
Potions
 h - 5 potions of heal wounds
 j - 4 potions of magic
 k - 2 potions of berserk rage
 o - 2 potions of invisibility
 s - a potion of cure mutation
 u - 2 potions of brilliance
Comestibles
 f - 8 bread rations
 m - 40 fruits
 n - 7 meat rations
 z - 3 chunks of flesh


   Skills:
 + Level 10.7 Fighting
 + Level 12.2 Axes
 + Level 12.6 Armour
 + Level 12.5 Shields


You had 8 spell levels left.
You didn't know any spells.

Dungeon Overview and Level Annotations

Branches:
Dungeon (1/1)

Altars:
Ashenzari
Cheibriados
Dithmenos
Elyvilon
Fedhas
Gozag
Kikubaaqudgha
Makhleb
Nemelex Xobeh
Okawaru
Pakellas
Qazlal
Ru
Sif Muna
Trog
Vehumet
Xom
Yredelemnul
Zin
The Shining One
Beogh
Jiyva
Lugonu

Annotations:
D Arachne


Innate Abilities, Weirdness & Mutations

You are resistant to damage.
You can recharge devices by infusing magical energy.
You passively map the area around you.
You do not regenerate naturally.


Message History

The stream of webbing hits you!
You are caught in a web!
You disentangle yourself.
You feel sick.
Arachne's staff shoots out a stream of webbing.
The stream of webbing hits you!
You are caught in a web!
The web tears apart.
You feel a strong urge to attack something.
You are no longer berserk.
You are exhausted.
You feel yourself slow down.
You are feeling very hungry.
You feel sick.
Arachne says, "Come closer, little fly."
Arachne's staff shoots out a stream of webbing.
You block the stream of webbing.
Drink which item? (? for menu, Esc to quit)
You feel much better.
You feel sick.
Arachne stares at you and mumbles some strange words.
The poison arrow hits you!
You are lethally poisoned!
You die...

...##..#..# , , ,
...##.)#..# ...# *
#####††)..+ , +...+ , ,
#####..#..#,, ...#, , ,
..[##..#..##, ,+...# ,
, .[.##..##..##+##
##...## ** *
.))##...##.'...+
##.....# ,,
.))##....###...###{..#,
* ,
..)##......#...'@Hio#*
, , *,
#####################
**


You could see Arachne, a spriggan and an orc.

Vanquished Creatures
  An anaconda (D)
  A swamp dragon (D)
  A demonic crawler (D)
  A hellwing (D)
  A giant leech (D)
  A flying skull (D)
  A snapping turtle (D)
  2 wyverns (D)
  A giant eyeball (D)
  An ogre (D)
  A phantom (D)
  A wolf (D)
  3 killer bees (D)
  A quasit (D)
  A gnoll shaman (D)
  An iron imp (D)
  An iguana (D)
  An adder (D)
  5 gnolls (D)
  2 river rats (D)
  A white imp (D)
  2 oozes (D)
  A worm (D)
  3 orcs (D)
  A bat zombie (D)
  A hobgoblin (D)
  6 jackals (D)
  2 giant newts (D)
  A quokka skeleton (D)
46 creatures vanquished.

Vanquished Creatures (others)
  An orc warrior (D)
  An orc (D)
2 creatures vanquished.

Grand Total: 48 creatures vanquished

Notes
Turn   | Place    | Note
--------------------------------------------------------------
     0 | D        | Deeps the Deep Dwarf Fighter began the quest for the Orb.
     0 | D        | Reached XP level 1. HP: 20/20 MP: 1/1
    33 | D        | Found a sacrificial altar of Ru.
    33 | D        | Found a basalt altar of Yredelemnul.
    33 | D        | Found a shadowy altar of Dithmenos.
    33 | D        | Found a deep blue altar of Sif Muna.
    33 | D        | Found a burning altar of Makhleb.
    33 | D        | Found a shimmering altar of Xom.
    33 | D        | Found an ancient bone altar of Kikubaaqudgha.
    33 | D        | Found a sparkling altar of Nemelex Xobeh.
    35 | D        | Found a bloodstained altar of Trog.
    35 | D        | Found a corrupted altar of Lugonu.
    35 | D        | Found a viscous altar of Jiyva.
    47 | D        | Found a glowing golden altar of the Shining One.
    47 | D        | Found a glowing silver altar of Zin.
    57 | D        | Found a shattered altar of Ashenzari.
    57 | D        | Found a white marble altar of Elyvilon.
    57 | D        | Found a snail-covered altar of Cheibriados.
    57 | D        | Found a blossoming altar of Fedhas.
    57 | D        | Found a radiant altar of Vehumet.
    57 | D        | Found a roughly hewn altar of Beogh.
    57 | D        | Found an iron altar of Okawaru.
    58 | D        | Found an oddly glowing altar of Pakellas.
    65 | D        | Found a stormy altar of Qazlal.
    65 | D        | Found an opulent altar of Gozag.
    77 | D        | Became a worshipper of Makhleb the Destroyer
    91 | D        | Reached XP level 2. HP: 15/28 MP: 2/2
    94 | D        | Noticed a giant eyeball
    97 | D        | Killed a giant eyeball
    97 | D        | Reached * piety under Makhleb
    97 | D        | Reached skill level 5 in Fighting
    97 | D        | Reached skill level 5 in Axes
    97 | D        | Reached XP level 3. HP: 22/39 MP: 3/3
    97 | D        | Reached XP level 4. HP: 26/46 MP: 4/4
   108 | D        | Reached ** piety under Makhleb
   120 | D        | Noticed a flying skull
   133 | D        | Killed a flying skull
   133 | D        | Reached *** piety under Makhleb
   133 | D        | Reached XP level 5. HP: 31/56 MP: 5/5
   133 | D        | Reached XP level 6. HP: 35/63 MP: 6/6
   138 | D        | Reached **** piety under Makhleb
   248 | D        | Reached ***** piety under Makhleb
   288 | D        | Reached ****** piety under Makhleb
   314 | D        | Reached XP level 7. HP: 68/72 MP: 7/7
   320 | D        | Noticed a snapping turtle
   531 | D        | Killed a snapping turtle
   562 | D        | Noticed a wyvern
   562 | D        | Noticed a demonic crawler
   570 | D        | Killed a wyvern
   570 | D        | Reached skill level 10 in Armour
   570 | D        | Reached skill level 10 in Shields
   587 | D        | Killed a demonic crawler
   587 | D        | Reached skill level 10 in Axes
   587 | D        | Reached XP level 8. HP: 57/84 MP: 8/8
   719 | D        | Noticed a hellwing
   734 | D        | Killed a hellwing
   774 | D        | Noticed a swamp dragon
   800 | D        | Killed a swamp dragon
   800 | D        | Reached skill level 10 in Fighting
   800 | D        | Gained mutation: You passively map the area around you. [Deep Dwarf growth]
   800 | D        | Reached XP level 9. HP: 68/93 MP: 9/9
   814 | D        | Noticed a giant leech
   834 | D        | Killed a giant leech
   844 | D        | Noticed an anaconda
   865 | D        | Killed an anaconda
   885 | D        | Noticed Arachne
   920 | D        | Killed from afar by Arachne

Skill      XL: |  1  2  3  4  5  6  7  8  9 |
---------------+----------------------------+-----
Fighting       | 3 5 6 7 8 10 | 10.7
Axes           | 3 5 7 8 10 11 12 | 12.2
Armour         | 4 6 7 9 10 11 12 | 12.6
Shields        | 4 6 7 9 10 11 12 | 12.5

Action                   |  1- 3 |  4- 6 |  7- 9 || total
-------------------------+-------+-------+-------++-------
Melee: War axe           |    19 |    70 |   253 ||   342
       Broad axe         |       |       |   103 ||   103
Evoke: Wand              |       |     1 |       ||     1
  Use: Potion            |       |     1 |    18 ||    19
  Eat: Chunk             |       |       |     1 ||     1
Armor: Scale mail        |     9 |    14 |       ||    23
       Plate armour      |       |    21 |   105 ||   126
Dodge: Dodged            |     5 |    12 |    41 ||    58
Block: Shield            |     7 |    38 |   145 ||   190
